 Dungeon Crawl Stone Soup version 0.20.1-1-g8b1a95d (webtiles) character file.

45 ANON1729 the Firebug (level 3, -1/21 HPs)
             Began as an Octopode Fire Elementalist on Sept 27, 2017.
             Slain by a goblin (6 damage)
             ... led by Robin
             ... on level 2 of the Dungeon.
             The game lasted 00:02:08 (1889 turns).

ANON1729 the Firebug (Octopode Fire Elementalist)   Turns: 1889, Time: 00:02:08

Health: -1/21      AC:  1    Str:  7    XL:     3   Next: 64%
Magic:  8/15       EV: 13    Int: 18    God:
Gold:   148        SH:  0    Dex: 12    Spells: 6/7 levels left

rFire    . . .     SeeInvis .   (no weapon)
rCold    . . .     Gourm    .   (no shield)
rNeg     . . .     Faith    .   (helmet restricted)
rPois    .         Spirit   .   (no amulet)
rElec    .         Reflect  .   f - ring of magical power
rCorr    .         Harm     .   (no ring)
MR       .....                  (no ring)
Stlth    +++.......             (no ring)
Regen    0.1/turn               (no ring)
MPRegen  0.2/turn               (no ring)
                                (no ring)
                                (no ring)

@: very slightly contaminated
A: almost no armour, stealthy swim, amphibious, 8 rings, constrict 8, camouflage
1, gelatinous body 1
a: no special abilities


You were on level 2 of the Dungeon.
You were not hungry.

You visited 1 branch of the dungeon, and saw 2 of its levels.

You collected 148 gold pieces.

Inventory:

Jewellery
 f - a ring of magical power (left tentacle)
 j - an uncursed amulet of the gourmand {unknown}
Scrolls
 d - a scroll of enchant weapon {unknown}
 e - a scroll of noise {unknown}
 g - 2 scrolls of teleportation {unknown}
 i - a scroll of magic mapping {unknown}
 n - a scroll of blinking {unknown}
Potions
 c - a potion of heal wounds {unknown}
 k - a potion of haste {unknown}
 m - a potion of lignification {unknown}
Books
 a - a book of Flames

   Spells                             Type                      Level
   a - Flame Tongue                   Conjuration/Fire             1
   b - Throw Flame                    Conjuration/Fire             2
   c - Conjure Flame                  Conjuration/Fire             3
   d - Inner Flame                    Hexes/Fire                   3
   e - Sticky Flame                   Conjuration/Fire             4
   f - Fireball                       Conjuration/Fire             5
Comestibles
 b - 2 bread rations
 h - a meat ration
 l - 4 chunks of flesh


   Skills:
 - Level 2.2 Dodging
 - Level 3.0 Stealth
 + Level 2.5 Spellcasting
 + Level 1.6 Conjurations
 + Level 3.6 Fire Magic


You had 6 spell levels left.
You knew the following spells:

 Your Spells              Type           Power        Failure   Level  Hunger
a - Flame Tongue          Conj/Fire      ##...        6%          1    #......


Dungeon Overview and Level Annotations

Branches:
Dungeon (2/15)

Altars:

Annotations:
D:2 Robin


Innate Abilities, Weirdness & Mutations

You cannot wear most types of armour.
You are very stealthy in the water. (Stealth+)
You are amphibious.
You can wear up to eight rings at the same time.
You can use your tentacles to constrict eight enemies at once.
Your skin changes colour to match your surroundings (Stealth+).
Your rubbery body absorbs attacks. (AC +1, EV +1)


Message History

Aim: a goblin (unusually strong)
The flame tongue misses the goblin.
The goblin barely misses you.
Casting: Flame Tongue
Confirm with . or Enter, or press ? or * to list all spells.
Aiming: Flame Tongue
Press: ? - help, Shift-Dir - straight line, f/p - goblin
Aim: a goblin (unusually strong)
The flame tongue misses the goblin.
The hobgoblin no longer looks unusually strong.
The goblin hits you.
* * * LOW HITPOINT WARNING * * *
Casting: Flame Tongue
Confirm with . or Enter, or press ? or * to list all spells.
Aiming: Flame Tongue
Press: ? - help, Shift-Dir - straight line, f/p - goblin
Aim: a goblin (unusually strong)
The flame tongue hits the goblin.
The goblin is moderately wounded.
The goblin hits you.
You die...

##################
#.......g@g.ggg).#
#.##############).....
###.### ##### #.....#
#.####.....###
.....###...#
###..###...# #.#
#.........# #.#
#..##.##..# #.#


You could see Robin, a hobgoblin and 3 goblins.

Vanquished Creatures
  2 adders (D:2)
  A worm (D:2)
  A leopard gecko (D:2)
  6 goblins
  6 hobgoblins
  3 kobolds
  4 rats
23 creatures vanquished.

Vanquished Creatures (others)
  3 plants (D:2)
3 creatures vanquished.

Grand Total: 26 creatures vanquished

Notes
Turn   | Place    | Note
-------+----------+-------------------------------------------
     0 | D:1      | ANON1729 the Octopode Fire Elementalist began the quest for the Orb.
     0 | D:1      | Reached XP level 1. HP: 11/11 MP: 3/3
  1094 | D:1      | Reached XP level 2. HP: 17/17 MP: 5/5
  1520 | D:2      | Reached XP level 3. HP: 6/21 MP: 6/6
  1870 | D:2      | Noticed Robin
  1889 | D:2      | Slain by a goblin

Skill      XL: |  1  2  3 |
---------------+----------+-----
Stealth        | 3 |  3.0
Dodging        | |  2.2
Spellcasting   | |  2.5
Conjurations   | |  1.6
Fire Magic     | |  3.6

Action                   || total
-------------------------++-------
Melee: Unarmed           ||    33
       Constrict         ||     8
       Tentacles         ||     2
 Cast: Flame Tongue      ||    35
 Stab: Sleeping          ||     2
  Eat: Chunk             ||     3
Armor: Skin              ||     5
Dodge: Dodged            ||    28
